cohdb
Replays
Latest Replays
All Replays
Popular Replays
Top Player Replays
Match Explorer
How It Works
Community
CoH3 Stats
Reddit
Sign in to upload your games and track your stats! →
Sign in with Steam
2v2 didn't realize I was playing with stormless.
Match 20952707
Overview
Messages
Build Orders
End
Panzergrenadier Squad
Panzergrenadier Squad
Panzergrenadier Squad
Panzergrenadier Squad
Construct Light Support Kompanie
2.5-tonne Medical Truck
Fire Support Elements
Flakvierling Half-track
Vehicle Survival Package
Pak 38 Anti-tank Gun Team
Panzerjäger Mechanized Group
Construct Panzerarmee Kommand
Panzer III L Medium Tank
Combat Half-tracks
Panzer III L Medium Tank
Rapid Advance
Selects Armored Support Battlegroup
Selects Salvage Kits
Selects Panzer Storm
Selects Stuka Anti-tank Loiter
Stuka Anti-tank Loiter
Emergency Repair Kits
Armored Reserves
Panzer IV Assault Group
Panzer IV Assault Group
bogdan
mrpeed
geeroc
Stormless
0
0
Comments
sign in to comment!
No comments posted yet!